 Dungeon Crawl Stone Soup version 0.32-a0-17-gb74e046682 (webtiles) character file.

Game seed: 18165389523153187029

43 oldriver the Digger (level 3, -2/26 HPs)
             Began as a Demonspawn Earth Elementalist on Jan 15, 2024.
             Slain by a gnoll
             ... wielding a +0 halberd
              (11 damage)
             ... on level 2 of the Dungeon.
             The game lasted 00:01:31 (1610 turns).

oldriver the Digger (Demonspawn Earth Elementalist) Turns: 1610, Time: 00:01:32

Health: -2/26      AC:  2    Str:  8    XL:     3   Next: 37%
Magic:  7/7        EV: 12    Int: 17    God:
Gold:   66         SH:  0    Dex: 13    Spells: 6/7 levels left

rFire   . . .        c - +0 club
rCold   . . .        (no shield)
rNeg    . . .        a - +0 robe
rPois   .            (helmet restricted)
rElec   .            (no cloak)
rCorr   .            (no gloves)
SInv    .            (no boots)
Will    .....        (no amulet)
Stlth   ++           (no ring)
HPRegen 0.24/turn    (no ring)
MPRegen 0.10/turn

%: no passive effects
@: no status effects
A: horns 1, foul stench 1
a: no special abilities


You were on level 2 of the Dungeon.
You visited 1 branch of the dungeon, and saw 2 of its levels.

You collected 66 gold pieces.

Inventory:

Hand Weapons
 c - a +0 club (weapon)
Missiles
 h - 4 atropa-tipped darts
Armour
 a - a +0 robe (worn)
Jewellery
 l - a ring of flight
Scrolls
 e - a scroll of identify {unknown}
 k - a scroll of butterflies {unknown}
Potions
 b - a potion of magic
 f - a potion of haste {unknown}
 g - 2 potions of curing {unknown}
 i - 2 potions of enlightenment {unknown}
 j - a potion of brilliance {unknown}


   Skills:
 + Level 1.1 Fighting
 - Level 1.7 Dodging
 - Level 1.7 Stealth
 * Level 2.7 Spellcasting
 + Level 1.6 Conjurations
 + Level 3.0 Earth Magic


You had 6 spell levels left.
You knew the following spells:

 Your Spells              Type           Power      Damage    Failure   Level
a - Sandblast             Erth           24%        2d8       5%          1

Your spell library contained the following spells:

 Spells                   Type           Power      Damage    Failure   Level
 Passwall                 Erth           12%        N/A       16%         3
 Freeze                   Ice            8%         1d3       19%         1
 Stone Arrow              Conj/Erth      20%        3d8       21%         3
 Hailstorm                Conj/Ice       5%         3d5       36%         3
 Frozen Ramparts          Ice            4%         1d1       47%         3
 Brom's Barrelling Bould  Conj/Erth      10%        2d3       56%         4
 Petrify                  Alch/Erth      7%         N/A       67%         4


Dungeon Overview and Level Annotations

Branches:
Dungeon (2/15)

Altars:
Xom


Innate Abilities, Weirdness & Mutations

You have a pair of small horns on your head.
You may rarely emit foul miasma when damaged in melee.


Message History

There is an escape hatch in the floor here.
A gnoll comes into view. It is wielding a +2 spear of flaming.
Found a stone staircase leading down.
A gnoll is nearby!
A gnoll is nearby!
A gnoll is nearby!
The gnoll shouts!
You hear a shout!
A gnoll comes into view.
It is wielding a +0 whip. 2 gnolls come into view.
The blast of sand hits the gnoll!
The gnoll is severely wounded.
The gnoll shouts!
You hear a shout!
A goblin comes into view. It is wielding a +0 dagger.
The gnoll hits you with a +2 spear of flaming!
The gnoll burns you.
You are too injured to fight recklessly!
You are too injured to fight recklessly!
You are too injured to fight recklessly!
The gnoll hits you from afar with a +2 spear of flaming.
The gnoll burns you.
You are too injured to fight recklessly!
You are too injured to fight recklessly!
The gnoll attacks as it pursues you!
The gnoll hits you from afar with a +2 spear of flaming.
* * * LOW HITPOINT WARNING * * *
The gnoll burns you.
* * * LOW HITPOINT WARNING * * *
You aren't carrying any items that you can evoke.
Blink to where?
Press: ? - help, Dir - move target, p - gnoll
As you read the scroll labelled ASAQIZISEO, it crumbles to dust.
It was a scroll of blinking.
You start resting.
Magic restored.
You aren't carrying any items that you can evoke.
You are too injured to fight recklessly!
You are too injured to fight recklessly!
You are too injured to fight recklessly!
The gnoll hits you from afar with a +0 halberd!
You die...

#.#####
#.#
#.#######
#.......#
#
#######.#
# #.# #
#.# # #.#
# #@# #
#.# # #g#
# #.# #
#g#
########g#
.........#
########g#
#.#


You could see 3 gnolls and a goblin.

Vanquished Creatures
  A gnoll (D:1)
  7 endoplasms
  2 giant cockroaches (D:1)
  4 goblins
  A hobgoblin (D:1)
  4 quokkas (D:1)
  2 ball pythons (D:2)
  A bat (D:1)
  A frilled lizard (D:1)
  10 rats
33 creatures vanquished.

Notes
Turn   | Place    | Note
-------+----------+-------------------------------------------
     0 | D:1      | oldriver the Demonspawn Earth Elementalist began the quest
                  | for the Orb.
     0 | D:1      | Reached XP level 1. HP: 13/13 MP: 3/3
   230 | D:1      | Gained mutation: You may rarely emit foul miasma when
                  | damaged in melee. [demonic ancestry]
   230 | D:1      | Reached XP level 2. HP: 15/20 MP: 0/5
   830 | D:1      | Found a shimmering altar of Xom.
   980 | D:1      | Reached skill level 1 in Fighting
   980 | D:1      | Gained mutation: You have a pair of small horns on your
                  | head. [demonic ancestry]
   980 | D:1      | Reached XP level 3. HP: 26/26 MP: 2/6
  1223 | D:2      | Reached skill level 3 in Earth Magic
  1528 | D:2      | Found a faded altar of an unknown god.
  1610 | D:2      | Slain by a gnoll

Illustrated notes

Levels and vault maps discovered:
D:1:      sevenhm_arrival_forest_fort_small_6, layout_basic
D:2:      layout_loops_ring, shapermc_ecumenical_altar_mp_urbaneastern,
          minivault_24, minmay_rat_hole

Skill      XL: |  1  2  3 |
---------------+----------+-----
Fighting       | 1 |  1.1
Earth Magic    | 3 |  3.0
Dodging        | |  1.7
Stealth        | |  1.7
Spellcasting   | |  2.7
Conjurations   | |  1.6

Action                     || total
---------------------------++-------
  Melee: Club              ||     9
         Punch             ||     1
   Cast: Sandblast         ||    51
    Use: Scroll            ||     1
 Armour: Robe              ||    17
  Dodge: Dodged            ||    20

Table legend: (Time is in decaauts)
 A = Elapsed time spent in this place.
 B = Non-inter-level travel time spent in this place.
 C = Inter-level travel time spent in this place.
 D = Time resting spent in this place.
 E = Time spent auto-exploring this place.
 F = Levels seen in this place.
 G = Mean time per level.
                   A        B        C        D        E       F      G
               +--------+--------+--------+--------+--------+-----+--------+
         Total |   1637 |   1573 |     64 |     35 |   1321 |   2 |  818.5 |
       Dungeon |   1637 |   1573 |     64 |     35 |   1321 |   2 |  818.5 |
               +--------+--------+--------+--------+--------+-----+--------+

Top non-repeatable levels by time:
     D:1: 1196 daAuts
     D:2: 441 daAuts
